 Dungeon Crawl Stone Soup version 0.27-a0-577-ge2a43ba0c9 (webtiles) character file.

Game seed: 1219344217928204438

177 jestyr24 the Conjurer (level 5, -6/29 HPs)
             Began as a Kobold Conjurer on Mar 10, 2021.
             Killed by divine providence
             ... invoked by an orc priest
              (13 damage)
             ... on level 3 of the Dungeon.
             The game lasted 00:16:24 (3207 turns).

jestyr24 the Conjurer (Kobold Conjurer)             Turns: 3207, Time: 00:16:26

Health: -6/29      AC:  3    Str:  4    XL:     5   Next: 87%
Magic:  6/9        EV: 15    Int: 20    God:
Gold:   180        SH:  0    Dex: 14    Spells: 6/9 levels left

rFire    . . .     SeeInvis .   l - +0 dagger
rCold    . . .     Faith    .   (shield restricted)
rNeg     . . .     Spirit   .   a - +0 robe
rPois    .         Reflect  .   g - +0 helmet
rElec    .         Harm     .   (no cloak)
rCorr    .         Rampage  .   (no gloves)
Will     .....                  (no boots)
Stlth    ++++......             (no amulet)
HPRegen  0.09/turn              (no ring)
MPRegen  0.11/turn              (no ring)

@: no status effects
A: small, nightstalker 3
a: no special abilities


You were on level 3 of the Dungeon.
You visited 1 branch of the dungeon, and saw 3 of its levels.

You collected 180 gold pieces.

Inventory:

Hand Weapons
 b - a +0 whip
 l - a +0 dagger (weapon)
 m - a +0 short sword
 n - a +0 hunting sling
Missiles
 c - 119 stones
 h - 12 poisoned darts
 i - 19 sling bullets
Armour
 a - a +0 robe (worn)
 g - a +0 helmet (worn)
 r - a +0 leather armour
Scrolls
 d - 4 scrolls of fog {unknown}
 e - a scroll of random uselessness {unknown}
 f - 2 scrolls of noise {unknown}
 j - 2 scrolls of identify {unknown}
 o - 2 scrolls of fear {unknown}
Potions
 k - a potion of lignification {unknown}
 p - a potion of degeneration {unknown}
 q - a potion of resistance {unknown}
 s - a potion of berserk rage {unknown}
 t - a potion of curing {unknown}
 u - a potion of brilliance {unknown}
 v - a potion of haste {unknown}


   Skills:
 * Level 1.5 Fighting
 * Level 1.3 Short Blades
 * Level 1.0 Throwing
 + Level 3.0 Dodging
 * Level 4.8 Stealth
 + Level 2.7 Spellcasting
 + Level 4.9 Conjurations


You had 6 spell levels left.
You knew the following spells:

 Your Spells              Type           Power      Damage    Failure   Level
a - Magic Dart            Conj           88%        1d7       1%          1
b - Searing Ray           Conj           44%        3d4       3%          2

Your spell library contained the following spells:

 Spells                   Type           Power      Damage    Failure   Level
 Dazzling Flash           Conj/Hex       24%        N/A       16%         3
 Fulminant Prism          Conj/Hex       6%         3d7       47%         4
 Iskenderun's Mystic Bla  Conj/Tloc      12%        2d5       47%         4


Dungeon Overview and Level Annotations

Branches:
Dungeon (3/15)

Altars:
Xom


Innate Abilities, Weirdness & Mutations

You are small and have problems with some larger weapons.
You are completely attuned to the shadows.


Message History

a +0 club; a +0 robe You see here a +0 spear.
A frilled lizard comes into view.
The frilled lizard hisses angrily.
You hit the frilled lizard.
You kill the frilled lizard!
Found a shimmering altar of Xom.
A leopard gecko comes into view.
The helpless leopard gecko fails to defend itself.
You puncture the leopard gecko!
You kill the leopard gecko!
You see here a leopard gecko corpse.
An orc priest comes into view. It is wielding a +0 mace.
An orc comes into view.
It is wielding a +0 falchion. 2 orcs and an orc wizard come into view.
A leopard gecko comes into view.
The orc priest shouts!
The orc shouts!
The orc wizard shouts!
The leopard gecko hisses angrily.
The orc priest calls down the wrath of Beogh upon you.
Beogh smites you!
You hit the orc priest but do no damage.
The orc priest hits you but does no damage.
The orc hits you but does no damage.
The orc priest invokes the aid of Beogh against you.
Beogh smites you!
* * * LOW HITPOINT WARNING * * *
Casting: Searing Ray (safe; 3% risk of failure)
Confirm with . or Enter, or press ? or * to list all spells.
Aiming: Searing Ray (safe; 3% risk of failure)
Press: ? - help, Shift-Dir - straight line, f - orc priest
Aim: an orc priest, wielding a +0 mace and wearing a +0 leather armour (22% to evade)
The searing ray misses the orc wizard.
The searing ray misses the orc priest. (Press . to maintain the ray.)
The searing ray hits the leopard gecko.
You kill the leopard gecko!
The searing ray hits the orc priest!
The orc priest is heavily wounded.
The orc priest invokes the aid of Beogh against you.
Beogh smites you!
You die...

##.# #...... #####..###
####.... ............
........
.........##############....
..........###......g.......
.......oo.....##..g####....
........o.†.....<..# #....
........#o#......).# #....
........#.@....#...# ##...
........###........# ##..
####.#### #....#...# ###
..# #....#...# #....#
######


You could see an orc priest, an orc wizard and 2 orcs.

Vanquished Creatures
  4 gnolls (D:3)
  7 adders
  An ooze (D:3)
  2 dart slugs
  3 leopard geckos (D:3)
  An orc (D:2)
  A ball python (D:3)
  7 bats
  4 giant cockroaches
  6 goblins
  6 hobgoblins
  7 jackals
  A quokka (D:3)
  3 frilled lizards
  8 kobolds
  8 rats
69 creatures vanquished.

Notes
Turn   | Place    | Note
-------+----------+-------------------------------------------
     0 | D:1      | jestyr24 the Kobold Conjurer began the quest for the Orb.
     0 | D:1      | Reached XP level 1. HP: 10/10 MP: 3/3
   218 | D:1      | Reached XP level 2. HP: 15/15 MP: 3/5
   351 | D:1      | Learned a level 2 spell: Searing Ray
   709 | D:1      | Reached XP level 3. HP: 20/20 MP: 3/6
  1920 | D:2      | Reached XP level 4. HP: 24/24 MP: 7/7
  1937 | D:2      | Reached skill level 1 in Fighting
  2617 | D:3      | Reached skill level 1 in Short Blades
  2617 | D:3      | Reached XP level 5. HP: 27/29 MP: 3/8
  3031 | D:3      | Reached skill level 1 in Throwing
  3152 | D:3      | Found a shimmering altar of Xom.
  3207 | D:3      | Killed from afar by an orc priest

Illustrated notes

Levels and vault maps discovered:
D:1:      dpeg_arrival_arbitrary_a, layout_basic, minmay_pentomino_x4
D:2:      layout_loops_ring, minmay_misc_feat_secret_circle,
          kennysheep_generic_room_7
D:3:      layout_rooms, lemuel_round_altar, lemuel_coloured_pillars_altar,
          makhleb_altar_promises_db, uniq_ijyb

Skill      XL: |  1  2  3  4  5 |
---------------+----------------+-----
Stealth        | 3 4 |  4.8
Fighting       | 1 |  1.5
Short Blades   | 1 |  1.3
Dodging        | 3 |  3.0
Throwing       | 1 |  1.0
Spellcasting   | |  2.7
Conjurations   | |  4.9

Action                   |  1- 3 |  4- 6 || total
-------------------------+-------+-------++-------
Melee: Whip              |    59 |       ||    59
       Dagger            |     2 |    31 ||    33
 Cast: Magic Dart        |    30 |     7 ||    37
       Searing Ray       |     7 |    18 ||    25
 Stab: Sleeping          |     5 |     9 ||    14
Armor: Robe              |    11 |    10 ||    21
Dodge: Dodged            |    41 |    33 ||    74

Table legend: (Time is in decaauts)
 A = Elapsed time spent in this place.
 B = Non-inter-level travel time spent in this place.
 C = Inter-level travel time spent in this place.
 D = Time resting spent in this place.
 E = Time spent auto-exploring this place.
 F = Levels seen in this place.
 G = Mean time per level.
                   A        B        C        D        E       F      G
               +--------+--------+--------+--------+--------+-----+--------+
         Total |   3211 |   3030 |    181 |    542 |   1642 |   3 | 1070.3 |
       Dungeon |   3211 |   3030 |    181 |    542 |   1642 |   3 | 1070.3 |
               +--------+--------+--------+--------+--------+-----+--------+

Top non-repeatable levels by time:
     D:1: 1507 daAuts
     D:2: 1177 daAuts
     D:3: 526 daAuts
